 Dungeon Crawl Stone Soup version 0.18-a0-1220-g2dc6208 (console) character file.

19093 FIQ the Grappler (level 12, -2/129 HPs)
             Began as a Troll Monk on Feb 3, 2016.
             Was the Champion of Ru.
             Engulfed by a cloud of flame (22 damage)
             ... on level 14 of the Dungeon.
             The game lasted 00:43:44 (12176 turns).

FIQ the Grappler (Troll Monk)                      Turns: 12176, Time: 00:43:44

Health: -2/129     AC: 12    Str: 22    XL:     12   Next: 33%
Magic:  11/11      EV: 13    Int:  4    God:    Ru [******]
Gold:   696        SH: 17    Dex: 18    Spells: 0 memorised, 11 levels left

rFire  x . .     SeeInvis .       - Unarmed
rCold  . . .     Gourm    +     a - mottled dragon hide
rNeg   . . .     Faith    .     I - +3 shield {rC+}
rPois  +         Spirit   .     (helmet restricted)
rElec  .         Dismiss  .     E - +0 cloak
rCorr  .         Reflect  +     (gloves unavailable)
SustAt .         Harm     .     (boots unavailable)
MR     .....                    N - +4 amulet of reflection
Stlth  ++........               e - +5 ring of protection
                                B - ring of poison resistance

@: exhausted, drained, not resistant to hostile enchantments, unstealthy
A: unfitting armour, claws 3, agile 1, blurry vision 1, dopey 1, fast metabolism
3, gourmand, regeneration 2, robust 1, shaggy fur 1, tough skin 2, hated by all,
unskilled 1, inexperienced 1, temperature sensitive
a: Draw Out Power, Power Leap, Apocalypse, Renounce Religion


You were on level 14 of the Dungeon.
You worshipped Ru.
Ru was exalted by your worship.
You were completely stuffed.

You visited 1 branch of the dungeon, and saw 14 of its levels.
You also visited: Bailey.

You collected 997 gold pieces.
You spent 301 gold pieces at shops.

Inventory:

Hand Weapons
 u - the +5 giant spiked club of Danaiwon {flame, Int+3 Stlth+}
   (You found it on level 13 of the Dungeon)

   It has been specially enchanted to burn those struck by it, causing extra
   injury to most foes and up to half again as much damage against particularly
   susceptible opponents.
   It affects your intelligence (+3).
   It makes you more stealthy.
Missiles
 S - 3 large rocks
 Z - 49 tomahawks of returning (quivered)
Armour
 a - a mottled dragon hide (worn)
 E - a +0 cloak (worn)
 I - a +3 shield of cold resistance (worn)
Jewellery
 e - a +5 ring of protection (right claw)
 B - a ring of poison resistance (left claw)
 N - a +4 amulet of reflection (around neck)
 P - a +3 ring of protection
Wands
 d - a wand of polymorph (14/24)
 l - a wand of slowing (17/48)
 o - a wand of digging (3/24)
 y - a wand of acid (5/15)
 F - a wand of digging (6/24)
 G - a wand of iceblast (7/15)
 K - a wand of slowing (17/48)
 O - a wand of disintegration (11/24)
Scrolls
 i - 3 scrolls of enchant armour
 j - a scroll of fog
 m - 2 scrolls of noise
 n - a scroll of magic mapping
 p - 2 scrolls of immolation
 s - 5 scrolls of remove curse
 x - 2 scrolls of enchant weapon
 A - 7 scrolls of teleportation
 D - a scroll of recharging
 H - a scroll of summoning
 L - a scroll of silence
 U - 2 scrolls of amnesia
 Y - a scroll of vulnerability {unknown}
Potions
 c - 3 potions of lignification
 g - a potion of invisibility
 k - 2 potions of might
 q - 4 potions of brilliance
 r - 5 potions of flight
 w - 2 potions of magic
 z - 3 potions of curing
 C - a potion of cure mutation
 Q - a potion of resistance
 T - a potion of haste
 X - a potion of cancellation
Books
 J - a book of Changes

   Spells                             Type                      Level
   a - Beastly Appendage              Transmutation                1
   b - Sticks to Snakes               Transmutation                2
   c - Spider Form                    Transmutation/Poison         3
   d - Ice Form                       Ice/Transmutation            4
   e - Blade Hands                    Transmutation                5
 W - a book of Conjurations

   Spells                             Type                      Level
   a - Magic Dart                     Conjuration                  1
   b - Searing Ray                    Conjuration                  2
   c - Dazzling Spray                 Conjuration/Hexes            3
   d - Fulminant Prism                Conjuration/Hexes            4
   e - Iskenderun's Mystic Blast      Conjuration                  4
   f - Iskenderun's Battlesphere      Conjuration/Charms           5
Miscellaneous
 f - a plain deck of summoning {drawn: 2}
Comestibles
 b - 10 bread rations
 h - 6 meat rations
 t - 9 royal jellies
 v - 12 fruits
 M - a slice of pizza
 V - 2 beef jerkies


   Skills:
 + Level 7.6 Fighting
 + Level 4.1 Throwing
 + Level 7.5(7.4) Dodging
 - Level 4.5 Stealth
 + Level 5.5 Shields
 * Level 12.1 Unarmed Combat


You had 11 spell levels left.
You didn't know any spells.

Dungeon Overview and Level Annotations

Branches:
Dungeon (14/15)            Temple (0/1) D:6            Lair (0/8) D:8
    Orc (0/2) D:10         Vaults (0/5) D:13

Altars:
Ashenzari
Cheibriados
Dithmenos
Fedhas
Gozag
Okawaru
Qazlal
Ru
Xom
The Shining One

Shops:
D:7 [   D:12 !   D:14 !

Portals:
Trove: D:10 (give +2 gold dragon armour)


Innate Abilities, Weirdness & Mutations

You are too large for most types of armour.
You have claws for hands.
Your metabolism is lightning-fast.
You like to eat raw meat.
You heal very quickly.
You are covered in fur (AC +1).
You have very tough skin (AC +2).
You are hated by all.
You are somewhat unskilled (-1 Apt).
You are somewhat inexperienced (-2 XL).
You are sensitive to extremes of temperature (rF-, rC-).
You are agile. (Dex +2)
Scrolls take you a little longer to read.
You are dopey. (Int -2)
You are robust (+10% HP).


Message History

Okay, then.
Okay, then.
Okay, then.
Drink which item? (? for menu, Esc to quit)
You feel much better.
You are engulfed in roaring flames.
* * * LOW HITPOINT WARNING * * *
You block the fire crab's attack. The fire crab completely misses you.
Drink which item? (? for menu, Esc to quit)
Okay, then.
You mangle the fire crab!!
The fire crab is almost dead.
You are engulfed in roaring flames.
* * * LOW HITPOINT WARNING * * *
You redirect the fire crab's attack!
The fire crab bites itself but does no damage.
The fire crab claws itself but does no damage.
You scratch the fire crab.
You kill the fire crab!
You are engulfed in roaring flames.
You die...

#( .. #.# .# #.. .#
##.## .## #. ##...##
..##
...##.....####...# #
..#.......##§#§#....
......_...§§@§§...#
#.......##§#§#..:.
##.....####§..# #
##...## ..## ##.##
### # #...# .
...###...# #
#.......#
#########.#.# ...#
#.#.# ##.# #.#.##


There were no monsters in sight!

Vanquished Creatures
  A catoblepas (D:14)
  2 centaur warriors (D:13)
  An ogre mage (D:13)
  A deep elf knight (D:13)
  A fire crab (shapeshifter) (D:14)
  2 hill giants (D:14)
  2 unseen horrors
  2 orc knights
  A manticore (D:12)
  3 ugly things
  A deep elf mage (D:12)
  Joseph (D:8)
  A kobold demonologist (D:12)
  An efreet (D:13)
  A queen bee (D:9)
  5 trolls
  3 two-headed ogres (D:13)
  A shadow (D:14)
  Sigmund (D:3)
  3 wraiths
  9 yaks
  A hungry ghost (D:7)
  2 hippogriffs
  A mottled dragon (D:12)
  A water moccasin (D:12)
  3 sky beasts
  5 ice beasts
  2 black bears
  A necrophage (D:10)
  An eye of draining (D:10)
  15 orc warriors
  A wasp (D:12)
  4 ogres
  8 centaurs
  3 phantoms
  5 big kobolds
  3 wyvern zombies
  9 giant frogs
  8 scorpions
  17 killer bees (D:9)
  A wight (D:12)
  2 vampire bats
  9 crimson imps
  A quasit (D:10)
  A giant frog zombie (D:5)
  A gnoll shaman (D:4)
  3 hounds
  4 centaur zombies
  3 orc priests
  7 orc wizards
  4 centaur skeletons
  A giant frog skeleton (D:11)
  3 iguanas
  Terence (D:3)
  9 worker ants
  4 sheep (D:14)
  A killer bee zombie (D:9)
  11 gnolls
  11 adders
  2 shadow imps (D:8)
  2 oozes
  5 worms
  3 fire bats (D:5)
  4 giant geckos
  53 orcs
  2 spectral bats (D:5)
  3 bat skeletons (D:5)
  A bat zombie (D:5)
  4 giant cockroaches
  13 goblins
  11 hobgoblins
  14 jackals
  44 kobolds
  6 quokkas
  A ball python (D:3)
  27 bats
  A bat simulacrum (D:5)
  A giant gecko skeleton (D:8)
  3 giant newts
  A jackal skeleton (D:7)
  11 rats
422 creatures vanquished.

Vanquished Creatures (others)
  A deep elf knight (D:13)
  A deep elf archer (D:13)
  A cyclops (D:14)
  A yak (D:13)
  An orc warrior (D:13)
  An ice beast (D:10)
  A crocodile (D:8)
  An adder (D:7)
  A hobgoblin (Bailey)
  A kobold (Bailey)
10 creatures vanquished.

Grand Total: 432 creatures vanquished

Notes
Turn   | Place    | Note
--------------------------------------------------------------
     0 | D:1      | FIQ the Troll Monk began the quest for the Orb.
     0 | D:1      | Reached XP level 1. HP: 22/22 MP: 0/0
   189 | D:1      | Reached XP level 2. HP: 23/29 MP: 1/1
   936 | D:2      | Reached XP level 3. HP: 36/36 MP: 2/2
  1654 | D:3      | Reached XP level 4. HP: 45/45 MP: 3/3
  1846 | D:3      | Reached skill level 5 in Unarmed Combat
  1846 | D:3      | Reached XP level 5. HP: 17/53 MP: 4/4
  1925 | D:3      | Noticed Terence
  1932 | D:3      | Killed Terence
  2136 | D:3      | Noticed Sigmund
  2171 | D:3      | Killed Sigmund
  2171 | D:3      | Reached XP level 6. HP: 16/61 MP: 5/5
  2468 | D:4      | Reached skill level 6 in Unarmed Combat
  2559 | D:4      | Reached XP level 7. HP: 31/68 MP: 6/6
  3164 | D:5      | Entered Level 5 of the Dungeon
  3305 | D:5      | Found a sacrificial altar of Ru.
  3333 | D:5      | Became a worshipper of Ru the Awakened
  3357 | D:5      | Reached skill level 7 in Unarmed Combat
  3363 | D:5      | Gained mutation: You are sensitive to extremes of temperature (rF-, rC-). [Ru sacrifice]
  3363 | D:5      | Reached * piety under Ru
  3363 | D:5      | Reached ** piety under Ru
  3363 | D:5      | Reached *** piety under Ru
  3435 | D:5      | Reached XP level 8. HP: 79/79 MP: 7/7
  4271 | D:6      | Found a staircase to the Ecumenical Temple.
  4800 | D:7      | Reached skill level 8 in Unarmed Combat
  4812 | D:7      | Reached skill level 5 in Fighting
  4901 | D:7      | Found Hyloo's Armour Shoppe.
  4913 | D:7      | Bought a +2 shield of cold resistance for 301 gold pieces
  4985 | D:7      | Gained mutation: You are somewhat unskilled (-1 Apt). [Ru sacrifice]
  4985 | D:7      | Reduced skill Unarmed Combat to level 7
  4985 | D:7      | Reached **** piety under Ru
  5209 | D:7      | Reached XP level 9. HP: 69/85 MP: 8/8
  5328 | D:7      | Found a snail-covered altar of Cheibriados.
  5331 | D:7      | Reached skill level 8 in Unarmed Combat
  5723 | D:8      | Found a staircase to the Lair.
  5782 | D:8      | Reached skill level 1 in Shields
  5798 | D:8      | Reached skill level 5 in Fighting
  6001 | D:8      | Found an opulent altar of Gozag.
  6004 | D:8      | Found a stormy altar of Qazlal.
  6013 | D:8      | Found a glowing golden altar of the Shining One.
  6013 | D:8      | Found a shimmering altar of Xom.
  6014 | D:8      | Found a shattered altar of Ashenzari.
  6018 | D:8      | Found an iron altar of Okawaru.
  6324 | D:8      | Noticed Joseph
  6338 | D:8      | Killed Joseph
  6338 | D:8      | Reached skill level 5 in Dodging
  6468 | D:8      | Gained mutation: You are agile. (Dex +2) [potion of mutation]
  6468 | D:8      | Gained mutation: You are dopey. (Int -2) [potion of mutation]
  6516 | D:9      | Reached skill level 9 in Unarmed Combat
  6516 | D:9      | Reached XP level 10. HP: 68/96 MP: 9/9
  6891 | D:9      | Gained mutation: You are somewhat inexperienced (-2 XL). [Ru sacrifice]
  6891 | D:9      | Reached XP level 9. HP: 89/89 MP: 8/8
  6891 | D:9      | Reached XP level 8. HP: 83/83 MP: 7/7
  6891 | D:9      | Reached ***** piety under Ru
  7150 | D:9      | Noticed a troll
  7157 | D:9      | Killed a troll
  7231 | D:9      | Reached XP level 9. HP: 89/89 MP: 8/8
  7296 | D:10     | Entered Level 10 of the Dungeon
  7333 | D:10     | Found a shadowy altar of Dithmenos.
  7402 | D:10     | Found a staircase to the Orcish Mines.
  7556 | D:10     | Found a portal to a secret trove of treasure.
  7639 | D:10     | Found a blossoming altar of Fedhas.
  7716 | D:10     | Noticed an unseen horror
  7719 | D:10     | Killed an unseen horror
  7719 | D:10     | Reached skill level 10 in Unarmed Combat
  7745 | D:10     | Noticed a troll
  7753 | D:10     | Killed a troll
  8070 | D:11     | Gained mutation: You are hated by all. [Ru sacrifice]
  8070 | D:11     | Reached ****** piety under Ru
  8097 | D:11     | Found a flagged portal.
  8103 | D:11     | Got a transparent hand axe
  8127 | D:11     | Identified the +8 hand axe of Hulij {chop, *Noise MR- MP+9 Stlth+} (You found it on level 11 of the Dungeon)
  8131 | Bailey   | Entered a bailey
  8151 | Bailey   | Noticed an orc knight
  8156 | Bailey   | Reached XP level 10. HP: 98/98 MP: 9/9
  8182 | Bailey   | Killed an orc knight
  9102 | D:12     | Found Zoafeuz's Distillery.
  9238 | D:12     | Noticed a manticore
  9252 | D:12     | Killed a manticore
  9252 | D:12     | Reached skill level 1 in Throwing
  9362 | D:12     | Noticed an unseen horror
  9367 | D:12     | Killed an unseen horror
  9382 | D:12     | Noticed a green ugly thing
  9398 | D:12     | Killed a green ugly thing
  9404 | D:12     | Gained mutation: You regenerate. [mutagenic meat]
  9405 | D:12     | Gained mutation: Scrolls take you a little longer to read. [mutagenic meat]
  9406 | D:12     | Lost mutation: You regenerate. [mutagenic meat]
  9407 | D:12     | Gained mutation: You are robust (+10% HP). [mutagenic meat]
  9536 | D:12     | Reached XP level 11. HP: 117/117 MP: 10/10
  9810 | D:12     | Noticed a deep elf mage
  9835 | D:12     | Killed a deep elf mage
 10294 | D:13     | Reached skill level 11 in Unarmed Combat
 10821 | D:13     | Noticed a centaur warrior
 10843 | D:13     | Killed a centaur warrior
 10897 | D:13     | Noticed a purple ugly thing
 10930 | D:12     | Killed a purple ugly thing
 10981 | D:13     | Found a gate to the Vaults.
 11040 | D:13     | Found an iron altar of Okawaru.
 11040 | D:13     | Noticed an orc knight
 11088 | D:13     | Noticed a deep elf knight
 11089 | D:13     | Noticed a deep elf knight
 11098 | D:13     | Killed a deep elf knight
 11101 | D:13     | Killed a deep elf knight
 11105 | D:13     | Noticed a green ugly thing
 11109 | D:13     | Killed a green ugly thing
 11109 | D:13     | Reached skill level 5 in Shields
 11152 | D:13     | Noticed a centaur warrior
 11153 | D:13     | Noticed a deep elf archer
 11401 | D:13     | Killed a centaur warrior
 11424 | D:13     | Killed an orc knight
 11516 | D:13     | Got an iridescent giant spiked club
 11523 | D:13     | Identified the +5 giant spiked club of Danaiwon {flame, Int+3 Stlth+} (You found it on level 13 of the Dungeon)
 11682 | D:13     | Noticed an ogre mage
 11688 | D:13     | Killed an ogre mage
 11688 | D:13     | Reached XP level 12. HP: 129/129 MP: 11/11
 11804 | D:14     | Noticed a catoblepas
 11814 | D:14     | Killed a catoblepas
 11944 | D:14     | Found Yteyde's Distillery.
 12090 | D:14     | Reached skill level 12 in Unarmed Combat
 12112 | D:14     | Found an opulent altar of Gozag.
 12152 | D:14     | Found a shattered altar of Ashenzari.
 12172 | D:14     | HP: 6/129 [fire crab (shapeshifter) (18)]
 12176 | D:14     | Engulfed by a cloud of flame

Vault maps used:
D:1:      dpeg_arrival_chambers_temple_mockup
D:3:      first_bread, uniq_terence, uniq_sigmund
D:4:      serial_bayou_crossing
D:5:      kennysheep_mini, roderic_st_hans_cross, goddamned_bats
D:6:      temple_statues
D:7:      serial_shops, shop, cheibriados_altar_wand_db
D:8:      minitemple, lair_0_dummy, uniq_joseph
D:9:      david_nohive_1, roderic_batcave
D:10:     david_orc_2, basic_altar, enter_trove_2,
          minmay_misc_feat_four_crosses, nicolae_dithmenos_shadow_blocks
D:11:     enter_bailey_2, statue_in_the_mist_lemuel
D:12:     serial_shops, shop_fountains
D:13:     evilmike_iron_armoury, david_vaults_2
D:14:     serial_shops, kennysheep_little_box, lemuel_round_altar,
          minmay_misc_feat_plants, fungi_pond_lemuel,
          nicolae_gozag_cash_rules_everything_around_me, uniq_nessos
Bailey:   bailey_axe_1, bailey

Action                   |  1- 3 |  4- 6 |  7- 9 | 10-12 || total
-------------------------+-------+-------+-------+-------++-------
Melee: Unarmed           |   129 |   126 |   589 |   632 ||  1476
Invok: Sacrifice Resista |       |       |     1 |       ||     1
       Sacrifice Experie |       |       |     1 |       ||     1
       Sacrifice Skill   |       |       |     1 |       ||     1
       Sacrifice Love    |       |       |     1 |       ||     1
       Apocalypse        |       |       |       |     1 ||     1
       Draw Out Power    |       |       |       |     2 ||     2
Evoke: Deck              |       |       |       |     2 ||     2
       Wand              |       |       |       |     2 ||     2
  Use: Scroll            |     1 |       |    19 |     8 ||    28
       Potion            |       |     2 |     1 |     9 ||    12
 Stab: Sleeping          |     4 |       |    14 |     3 ||    21
       Distracted        |       |       |     4 |     4 ||     8
       Invisible         |       |       |     5 |    11 ||    16
       Paralysed         |       |       |     1 |    13 ||    14
  Eat: Chunk             |    21 |     8 |    51 |    46 ||   126
